 Dungeon Sprint DCSS version 0.14.2 (webtiles) character file.

43396 Groucho the Spry (level 13, 42/43 (54) HPs)
             Began as a Spriggan Enchanter on Apr 23, 2016.
             Was the Champion of Dithmenos.
             Took a swim in molten lava
             ... in the Dungeon (Sprint II: "The Violet Keep of Menkaure").
             The game lasted 01:17:49 (8868 turns).

Groucho the Spry (Spriggan Enchanter)               Turns: 8868, Time: 01:17:49

HP  42/43 (54)   AC  9     Str  0 (1)  XL: 13   Next: 90%
MP   0/35        EV 35     Int -4 (19) God: Dithmenos [******]
Gold 15          SH  0     Dex 19 (20) Spells: 10 memorised,  4 levels left

rFire  . . .     SeeInvis +     a - +9 cutlass of Conscience {slice, Str+1 Int+3}
rCold  + + .     Rnd*Rage +     q - +2 robe {rN+}
rNeg   + . .     Conserve .     h - +0 buckler
rPois  +         rCorr    .     j - +2 hat
rElec  .         rRot     .     g - +2 cloak {+Inv}
SustAb . .       Spirit   .     (gloves unavailable)
rMut   .         Warding  .     (boots unavailable)
Saprov . . .     NoTele   +     d - amulet "Otiados" {+Rage rC+}
MR     ++...                    l - ring of flight
                                n - ring of protection from cold

@: overloaded, lost strength, lost intelligence, confused, exhausted, very
slightly contaminated, wreathed by umbra, very slow, very resistant to hostile
enchantments, unstealthy
A: unfitting armour, rugged brown scales 1, see invisible, berserk 1, clumsy 1,
deformed body, deterioration 3, herbivore 3, speed 3, frail 3, low mp 1, poison
resistance, screaming 1, slow healing 2, slow metabolism 2, weak 2
a: Shadow Step, Shadow Form, Renounce Religion, Evoke Berserk Rage, Evoke
Invisibility, Evoke Flight


You were in the Dungeon.
You worshipped Dithmenos.
Dithmenos was exalted by your worship.
You were overloaded with stuff.
You were very hungry.

You visited 1 branch You collected 4100 gold pieces.
You spent 4085 gold pieces at shops.

Inventory:

Hand weapons
 a - the +9,+9 cutlass of Conscience (weapon) {slice, Str+1 Int+3}
   (You found it in the Dungeon)

   It inflicts extra damage upon your enemies.
   It affects your strength (+1).
   It affects your intelligence (+3).
 G - the +10,+8 short sword of the Sea {antimagic, Str+2}
   (You found it in the Dungeon)

   It disrupts the flow of magical energy around spellcasters and certain
   magical creatures (including the wielder).
   It affects your strength (+2).
 K - the +2,+9 cutlass "Iqaucioqea" {slice, rElec}
   (You bought it in a shop in the Dungeon)

   It inflicts extra damage upon your enemies.
   It insulates you from electricity.
Armour
 g - a +2 cloak of darkness (worn)
 h - a +0 buckler (worn)
 j - a +2 hat (worn)
 q - a +2 robe of positive energy (worn)
Comestibles
 c - a choko
 u - a bread ration
Scrolls
 k - a scroll of blinking
 r - 3 scrolls of remove curse
 s - 3 scrolls of enchant armour
 v - a scroll of identify
 x - 4 scrolls of recharging
 y - 4 scrolls of enchant weapon II
Jewellery
 d - the amulet "Otiados" (around neck) {+Rage rC+}
   (You bought it in a shop in the Dungeon)

   [amulet of rage]

   It protects you from cold.
 l - a ring of flight (right hand)
 m - a +5 ring of strength
 n - a ring of protection from cold (left hand)
 t - the amulet of Velottywn {Gourm Str+5 Int+4}
   (You bought it in a shop in the Dungeon)

   [amulet of the gourmand]

   It affects your strength (+5).
   It affects your intelligence (+4).
 I - an uncursed amulet of inaccuracy
 J - an uncursed ring of protection from magic
Potions
 i - 6 potions of magic


   Skills:
 * Level 12.0 Fighting
 * Level 14.9 Short Blades
 - Level 1.1 Throwing
 * Level 18.7 Dodging
 + Level 16.2 Stealth
 * Level 9.9 Shields
 * Level 17.7 Spellcasting
 * Level 17.7 Hexes
 + Level 4.7 Charms
 * Level 6.4 Translocations
 * Level 7.9 Transmutations
 + Level 2.6 Air Magic
 - Level 5.3 Invocations
 * Level 13.8 Evocations


You had 4 spell levels left.
You knew the following spells:

 Your Spells              Type           Power        Failure   Level  Hunger
a - Corona                Hex            #......      0%          1    ##.....
b - Ensorcelled Hibernat  Hex/Ice        #.....       1%          2    ###....
c - Confuse               Hex            #.......     1%          3    ####...
d - Invisibility          Hex            #.......     1%          6    #######
e - Ice Form              Ice/Trmt       #.........   28%         4    #####..
f - Dragon Form           Trmt           #.........   100%        7    #######
g - Dazzling Spray        Conj/Hex       #.......     1%          3    ####...
h - Phase Shift           Tloc           #.........   28%         5    ######.
i - Deflect Missiles      Chrm/Air       #.........   100%        6    #######
j - Mass Confusion        Hex            #.........   1%          6    #######


Dungeon Overview and Level Annotations

Branches:
Dungeon (1/1)

Altars:
Cheibriados
Dithmenos
Elyvilon
Fedhas
Kikubaaqudgha
Makhleb
Nemelex Xobeh
Okawaru
Sif Muna
Trog
Vehumet
Xom
Yredelemnul
Zin
The Shining One
Beogh
Jiyva
Lugonu

Shops:
D :%!:[[%=:((!(=}=((:!::(

Annotations:
D exclusion: oklob plant, Lernaean hydra


Innate Abilities, Weirdness & Mutations

You are tiny and cannot use many weapons and most armour.
You have supernaturally acute eyesight.
You are a herbivore.
You cover ground extremely quickly.*
You need consume almost no food.
You are partially covered in rugged brown scales (AC +1, +3% HP).*
You tend to lose your temper in combat.
You are clumsy. (Dex -2)
Armour fits poorly on your strangely shaped body.*
Your body is rapidly deteriorating.
You are extremely frail (-30% HP).
Your magical capacity is low (-10% MP).
Your system is resistant to poisons.*
You occasionally shout uncontrollably.
You do not heal naturally when monsters are visible.
You are very weak. (Str -4)


Message History

The orange crystal statue is engulfed in mutagenic fog.
A hostile presence attacks your mind!
You lose concentration completely!
You suddenly feel drained of magical energy!
You are more confused.
Unknown command.
You are engulfed in mutagenic fog.
The orange crystal statue is engulfed in mutagenic fog.
A hostile presence attacks your mind!
You feel dopey.
You have lost your intelligence.
You have damaged your brain!
You are more confused.
The orange crystal statue is engulfed in mutagenic fog.
A hostile presence attacks your mind!
Nothing appears to happen.
You can move again.
You are engulfed in mutagenic fog.
You float gracefully downwards.
You fall into the lava!
The lava burns you to a cinder!
You die...

#▓▓▓▓▓▓▓###≈##.###'###.##...
##$(D######≈≈####.#.####≈≈.§
#!$.#.!+.##≈≈≈#.###.#≈≈≈≈≈§
#∩P?+$x#+##'#≈##.#.##≈≈≈≈≈≈
#!.D#x##§##.#≈≈##+##≈≈≈≈§≈§
#$)Y###§§§####≈§≈≈≈§≈≈≈≈§≈§
##+###≈§§§§# #§''#+++#≈≈§§≈
#!.o##§§§§§###.§§.§§§##≈§§#
+###§§§§@##..§§§§..§##≈≈#
#8!8#+§§8§§§§§§§§§§.§§§+≈≈#
##+# #§§§§§##§§§§§.§§§##§≈§
$D #§§§§§###§§§§§§§###### ##
#§§§§§#∩####+####≈§§≈§
*##§§§##....#####§§≈≈≈§ ,
##§##∩.......+§§§≈§§§
###########.##§§§§≈§
)).oooo..#..##§§≈§§


You could see an orange crystal statue, an orc warlord, a fire dragon, a death
yak, a toenail golem and 2 unseen horrors.

Vanquished Creatures
  A golden dragon (D)
  An electric golem (D)
  A hellephant (D)
  A deep elf master archer (D)
  A deep elf blademaster (D)
  A storm dragon (D)
  A kraken (D)
  2 sphinxes (D)
  Gastronok (D)
  A draconian shifter (D)
  A dire elephant (D)
  A crystal guardian (D)
  Nessos (D)
  An iron elemental (D)
  2 hell hogs (D)
  2 plague shamblers (D)
  An iron golem (D)
  2 death drakes (D)
  2 deep trolls (D)
  A giant orange brain (D)
  An ice statue (D)
  A harpy (D)
  3 griffons (D)
  3 orc sorcerers (D)
  12 shining eyes (D)
  A mermaid (D)
  3 sixfirhies (D)
  A dire elephant zombie (D)
  An orange demon (D)
  2 spiny frogs (D)
  An eye of devastation (D)
  A yaktaur (D)
  Sonja (D)
  3 polar bears (D)
  A baby alligator (D)
  2 grizzly bears (D)
  A brown ooze (D)
  6 sharks (D)
  A toenail golem (D)
  2 hippogriffs (D)
  Menkaure (D)
  4 necrophages (D)
  3 black bears (D)
  A yellow wasp (D)
  A crocodile (D)
  A silver statue (D)
  2 earth elementals (D)
  A scorpion (D)
  6 pulsating lumps (D)
  9 electric eels (D)
  8 big fish (D)
  2 lava snakes (D)
  4 worker ants (D)
  An ufetubus (D)
  10 giant eyeballs (D)
  A spectral hobgoblin (D)
  A spectral rat (D)
128 creatures vanquished.

Vanquished Creatures (others)
  A swamp drake (D)
1 creature vanquished.

Grand Total: 129 creatures vanquished

Notes
Turn   | Place    | Note
--------------------------------------------------------------
     0 | D        | Groucho, the Spriggan Enchanter, began the quest for the Orb.
     0 | D        | Reached XP level 1. HP: 9/9 MP: 4/4
     1 | D        | Noticed a mermaid
     5 | D        | Noticed a worker ant
     5 | D        | Noticed a worker ant
     5 | D        | Noticed a worker ant
     5 | D        | Noticed a worker ant
     9 | D        | Noticed a necrophage
     9 | D        | Noticed a necrophage
     9 | D        | Noticed a necrophage
     9 | D        | Noticed a necrophage
    13 | D        | Noticed a hippogriff
    13 | D        | Noticed a hippogriff
    24 | D        | Killed a worker ant
    24 | D        | Reached skill level 1 in Fighting
    24 | D        | Reached skill level 4 in Stealth
    24 | D        | Reached XP level 2. HP: 14/14 MP: 6/9
    29 | D        | Killed a worker ant
    29 | D        | Reached skill level 5 in Hexes
    29 | D        | Reached XP level 3. HP: 18/18 MP: 7/13
    36 | D        | Killed a worker ant
    36 | D        | Reached skill level 5 in Stealth
    36 | D        | Reached skill level 5 in Spellcasting
    39 | D        | Killed a worker ant
    39 | D        | Reached skill level 5 in Dodging
    39 | D        | Reached skill level 6 in Hexes
    39 | D        | Reached XP level 4. HP: 13/23 MP: 9/17
   301 | D        | Killed a necrophage
   301 | D        | Reached skill level 7 in Spellcasting
   301 | D        | Reached XP level 5. HP: 26/28 MP: 17/21
   306 | D        | Killed a necrophage
   306 | D        | Reached skill level 5 in Short Blades
   306 | D        | Reached skill level 8 in Spellcasting
   306 | D        | Reached XP level 6. HP: 29/32 MP: 18/24
   312 | D        | Learned a level 2 spell: Ensorcelled Hibernation
   321 | D        | Learned a level 3 spell: Confuse
   330 | D        | Killed a necrophage
   330 | D        | Reached skill level 9 in Spellcasting
   337 | D        | Killed a necrophage
   337 | D        | Reached XP level 7. HP: 23/33 MP: 6/27
   557 | D        | Killed a hippogriff
   557 | D        | Reached skill level 10 in Spellcasting
   557 | D        | Reached skill level 10 in Hexes
   570 | D        | Killed a hippogriff
   792 | D        | Killed a mermaid
   792 | D        | Reached skill level 5 in Fighting
   792 | D        | Reached skill level 10 in Stealth
   792 | D        | Reached skill level 11 in Spellcasting
   792 | D        | Reached XP level 8. HP: 34/36 MP: 29/29
   798 | D        | Found Xiqiapsi's Antique Weapon Shop.
   798 | D        | Found Kaapeb's Distillery.
   798 | D        | Found Klu Riha's Antique Weapon Boutique.
   798 | D        | Found Criej's Jewellery Boutique.
   798 | D        | Found Sizesak's Jewellery Boutique.
   798 | D        | Found Smiabruu's Weapon Shop.
   799 | D        | Found Plaqat's Weapon Shop.
   800 | D        | Found Sooz Schy's Book Boutique.
   800 | D        | Found Gopibb's Antique Armour Boutique.
   800 | D        | Found Nuwuz's Book Boutique.
   801 | D        | Found Klank's Gadget Shop.
   801 | D        | Found Bloegg's Food Boutique.
   801 | D        | Noticed a fire dragon
   802 | D        | Noticed Menkaure
   824 | D        | Found Guaris' Distillery.
   824 | D        | Found Kluruk's Antique Armour Shop.
   824 | D        | Noticed an oklob plant
   826 | D        | Found Temegaod's Book Shoppe.
   826 | D        | Noticed a death yak
   830 | D        | Found Daajait's Magic Scroll Boutique.
   834 | D        | Killed Menkaure
   841 | D        | Noticed an unseen horror
   847 | D        | Bought a glowing cloak for 112 gold pieces
   852 | D        | Bought a buckler for 76 gold pieces
   852 | D        | Bought a hat for 68 gold pieces
   878 | D        | Bought an uncursed ring of flight for 175 gold pieces
   882 | D        | Bought a +5 ring of strength for 412 gold pieces
   888 | D        | Bought a runed short sword for 90 gold pieces
   899 | D        | Bought a scroll of remove curse for 36 gold pieces
   933 | D        | Noticed a baby alligator
   936 | D        | Noticed a crocodile
   937 | D        | Killed a baby alligator
   937 | D        | Reached skill level 10 in Dodging
   937 | D        | Reached skill level 1 in Shields
   947 | D        | Killed a crocodile
  1182 | D        | Found a glowing golden altar of the Shining One.
  1182 | D        | Found a viscous altar of Jiyva.
  1182 | D        | Found a snail-covered altar of Cheibriados.
  1191 | D        | Learned a level 6 spell: Invisibility
  1194 | D        | Found a shimmering altar of Xom.
  1194 | D        | Found a corrupted altar of Lugonu.
  1194 | D        | Found a glowing silver altar of Zin.
  1194 | D        | Found a shadowy altar of Dithmenos.
  1196 | D        | Found a sparkling altar of Nemelex Xobeh.
  1196 | D        | Found a roughly hewn altar of Beogh.
  1196 | D        | Found an iron altar of Okawaru.
  1198 | D        | Noticed a yaktaur
  1198 | D        | Noticed a yellow wasp
  1198 | D        | Noticed a polar bear
  1199 | D        | Noticed a polar bear
  1199 | D        | Noticed a polar bear
  1200 | D        | Killed a polar bear
  1200 | D        | Reached skill level 1 in Evocations
  1201 | D        | Killed a polar bear
  1201 | D        | Reached skill level 12 in Hexes
  1203 | D        | Killed a yellow wasp
  1203 | D        | Reached XP level 9. HP: 41/41 MP: 25/31
  1213 | D        | Killed a polar bear
  1214 | D        | Killed a yaktaur
  1401 | D        | Found a radiant altar of Vehumet.
  1401 | D        | Found a white marble altar of Elyvilon.
  1401 | D        | Found a bloodstained altar of Trog.
  1404 | D        | Found a deep blue altar of Sif Muna.
  1406 | D        | Found a blossoming altar of Fedhas.
  1406 | D        | Found a burning altar of Makhleb.
  1406 | D        | Found a basalt altar of Yredelemnul.
  1408 | D        | Found an ancient bone altar of Kikubaaqudgha.
  1410 | D        | Noticed an electric eel
  1412 | D        | Became a worshipper of Dithmenos the Shadowed
  1426 | D        | Noticed a death drake
  1426 | D        | Noticed a plague shambler
  1432 | D        | Noticed a death drake
  1432 | D        | Noticed a swamp drake
  1432 | D        | Noticed a plague shambler
  1433 | D        | Killed a plague shambler
  1441 | D        | Killed a swamp drake
  1572 | D        | Killed a death drake
  1574 | D        | Killed a death drake
  1574 | D        | Reached skill level 13 in Hexes
  1574 | D        | Reached skill level 5 in Evocations
  1574 | D        | Reached XP level 10. HP: 46/48 MP: 27/33
  1581 | D        | Killed a plague shambler
  1588 | D        | Noticed a deep elf master archer
  1595 | D        | Killed a deep elf master archer
  1595 | D        | Reached skill level 10 in Short Blades
  1595 | D        | Reached skill level 5 in Shields
  1606 | D        | Acquired Dithmenos' first power
  1622 | D        | Noticed a pulsating lump
  1622 | D        | Noticed a pulsating lump
  1622 | D        | Noticed a pulsating lump
  1624 | D        | Killed a pulsating lump
  1626 | D        | Killed a pulsating lump
  1628 | D        | Killed a pulsating lump
  1628 | D        | Acquired Dithmenos' second power
  1637 | D        | Noticed a grizzly bear
  1637 | D        | Noticed a grizzly bear
  1642 | D        | Killed a grizzly bear
  1644 | D        | Killed a grizzly bear
  1729 | D        | Noticed a big fish
  1731 | D        | Noticed a kraken
  1744 | D        | Killed a kraken
  1744 | D        | Reached skill level 14 in Dodging
  1744 | D        | Reached skill level 1 in Invocations
  1744 | D        | Reached XP level 11. HP: 51/53 MP: 30/35
  1884 | D        | Noticed a big fish
  1884 | D        | Noticed a big fish
  1892 | D        | Noticed a big fish
  1892 | D        | Killed a big fish
  1895 | D        | Killed a big fish
  1895 | D        | Acquired Dithmenos' third power
  1897 | D        | Noticed a big fish
  1900 | D        | Killed a big fish
  1904 | D        | Killed a big fish
  1912 | D        | Killed a big fish
  1916 | D        | Noticed a big fish
  1925 | D        | Killed a big fish
  1937 | D        | Noticed a big fish
  1937 | D        | Killed a big fish
  1937 | D        | Acquired Dithmenos' fourth power
  1939 | D        | Noticed a big fish
  1943 | D        | Killed a big fish
  1960 | D        | Noticed a deep troll
  1960 | D        | Noticed a deep troll
  1968 | D        | Killed a deep troll
  1981 | D        | Killed a deep troll
  2226 | D        | Noticed an iron elemental
  2226 | D        | Noticed a hell hog
  2226 | D        | Noticed a pulsating lump
  2226 | D        | Noticed a black bear
  2226 | D        | Noticed a hell hog
  2226 | D        | Noticed a pulsating lump
  2226 | D        | Noticed a pulsating lump
  2226 | D        | Noticed a black bear
  2226 | D        | Noticed a griffon
  2226 | D        | Noticed a griffon
  2226 | D        | Noticed a spiny frog
  2226 | D        | Noticed a griffon
  2226 | D        | Noticed a spiny frog
  2228 | D        | Killed a spiny frog
  2229 | D        | Killed a griffon
  2230 | D        | Noticed a black bear
  2231 | D        | Killed a griffon
  2232 | D        | Killed a griffon
  2234 | D        | Killed a hell hog
  2234 | D        | Reached skill level 15 in Dodging
  2236 | D        | Killed a hell hog
  2236 | D        | Reached skill level 15 in Hexes
  2239 | D        | Killed an iron elemental
  2239 | D        | Reached skill level 15 in Spellcasting
  2245 | D        | Killed a black bear
  2249 | D        | Killed a black bear
  2250 | D        | Killed a black bear
  2257 | D        | Killed a spiny frog
  2262 | D        | Killed a pulsating lump
  2265 | D        | Killed a pulsating lump
  2267 | D        | Killed a pulsating lump
  2313 | D        | Got a shimmering short sword
  2314 | D        | Identified the +10,+8 short sword of the Sea {antimagic, Str+2} (You found it in the Dungeon)
  2404 | D        | Bought a scroll of amnesia for 42 gold pieces
  2404 | D        | Bought a scroll of enchant armour for 90 gold pieces
  2404 | D        | Bought a scroll of identify for 24 gold pieces
  2404 | D        | Bought a scroll of enchant weapon II for 66 gold pieces
  2404 | D        | Bought a scroll of enchant weapon II for 66 gold pieces
  2404 | D        | Bought a scroll of blinking for 90 gold pieces
  2404 | D        | Bought a scroll of identify for 24 gold pieces
  2404 | D        | Bought a scroll of identify for 24 gold pieces
  2404 | D        | Bought a scroll of enchant weapon II for 66 gold pieces
  2404 | D        | Bought a scroll of enchant weapon II for 66 gold pieces
  2404 | D        | Bought a scroll of silence for 90 gold pieces
  2404 | D        | Bought a scroll of recharging for 114 gold pieces
  2407 | D        | Bought a potion of paralysis for 11 gold pieces
  2407 | D        | Bought a potion of resistance for 77 gold pieces
  2407 | D        | Bought a potion of brilliance for 27 gold pieces
  2407 | D        | Bought a potion of flight for 33 gold pieces
  2421 | D        | Bought a polished cutlass for 270 gold pieces
  2586 | D        | Noticed a scorpion
  2588 | D        | Killed a scorpion
  2657 | D        | Noticed a shark
  2667 | D        | Noticed an electric eel
  2668 | D        | Noticed an electric eel
  2669 | D        | Noticed an electric eel
  2669 | D        | Noticed an electric eel
  2670 | D        | Noticed an electric eel
  2673 | D        | Noticed an electric eel
  2673 | D        | Noticed an electric eel
  2673 | D        | Noticed a sixfirhy
  2674 | D        | Noticed an electric eel
  2676 | D        | Killed an electric eel
  2677 | D        | Killed an electric eel
  2680 | D        | Killed an electric eel
  2681 | D        | Noticed a sixfirhy
  2682 | D        | Killed an electric eel
  2683 | D        | Noticed a sixfirhy
  2684 | D        | Killed an electric eel
  2685 | D        | Killed an electric eel
  2687 | D        | Killed an electric eel
  2688 | D        | Killed an electric eel
  2690 | D        | Killed an electric eel
  2712 | D        | Noticed a shark
  2712 | D        | Noticed a shark
  2725 | D        | Identified the +2,+9 cutlass "Iqaucioqea" {slice, rElec} (You bought it in a shop in the Dungeon)
  3120 | D        | Noticed a mottled draconian shifter
  3120 | D        | Noticed a hellephant
  3121 | D        | Noticed Sonja
  3121 | D        | Noticed a giant orange brain
  3125 | D        | Killed a hellephant
  3125 | D        | Reached XP level 12. HP: 56/60 MP: 30/37
  3128 | D        | Killed a mottled draconian shifter
  3128 | D        | Reached skill level 10 in Fighting
  3128 | D        | Reached skill level 16 in Dodging
  3132 | D        | Killed Sonja
  3140 | D        | Killed a giant orange brain
  3289 | D        | Noticed a deep elf blademaster
  3294 | D        | Noticed a harpy
  3294 | D        | Noticed a shark
  3295 | D        | Noticed an eye of devastation
  3297 | D        | Killed a deep elf blademaster
  3297 | D        | Reached skill level 5 in Invocations
  3297 | D        | Reached skill level 10 in Evocations
  3298 | D        | Killed a harpy
  3300 | D        | Noticed a shark
  3301 | D        | Killed an eye of devastation
  3332 | D        | Noticed a shark
  3343 | D        | Killed a shark
  3347 | D        | Killed a shark
  3350 | D        | Killed a shark
  3352 | D        | Killed a shark
  3357 | D        | Killed a shark
  3359 | D        | Killed a shark
  3401 | D        | Noticed a silver statue
  3810 | D        | Noticed an ice statue
  3839 | D        | Noticed a lava snake
  3839 | D        | Noticed a lava snake
  3909 | D        | Noticed an orc priest
  3909 | D        | Noticed an orc priest
  3910 | D        | Found Saakh's Book Boutique.
  3910 | D        | Found Duinithi's Book Shoppe.
  3913 | D        | Noticed an orc priest
  3913 | D        | Noticed an orc priest
  3919 | D        | Noticed a brown ooze
  3921 | D        | Killed a brown ooze
  3926 | D        | Killed a sixfirhy
  3928 | D        | Killed a sixfirhy
  3930 | D        | Killed a sixfirhy
  3932 | D        | Noticed Gastronok
  3937 | D        | Killed Gastronok
  4117 | D        | Noticed a dire elephant
  4117 | D        | Noticed an orc sorcerer
  4117 | D        | Noticed an orc sorcerer
  4117 | D        | Noticed an orc sorcerer
  4129 | D        | Killed a dire elephant
  4129 | D        | Reached skill level 17 in Dodging
  4129 | D        | Reached skill level 15 in Stealth
  4133 | D        | Killed an orc sorcerer
  4164 | D        | Killed an orc sorcerer
  4176 | D        | Killed an orc sorcerer
  4202 | D        | Got a scintillating bronze ring
  4633 | D        | Learned a level 4 spell: Ice Form
  4648 | D        | Identified the cursed ring of Xom's Scorn {Str+1 Dex+4 Acc-2 Dam-2} (You found it in the Dungeon)
  4649 | D        | Identified a scroll of acquirement
  4671 | D        | Learned a level 7 spell: Dragon Form
  4886 | D        | Learned a level 3 spell: Dazzling Spray
  4899 | D        | Got an encrusted cutlass
  4909 | D        | Identified the +9,+9 cutlass of Conscience {slice, Str+1 Int+3} (You found it in the Dungeon)
  4986 | D        | Killed a silver statue
  5025 | D        | Found Dabejoq's Jewellery Boutique.
  5027 | D        | Found Araka's Food Shop.
  5028 | D        | Noticed Nessos
  5032 | D        | Killed Nessos
  5032 | D        | Reached skill level 1 in Transmutations
  5038 | D        | Bought the amulet of Velottywn {Gourm Str+5 Int+4} for 782 gold pieces
  5510 | D        | Noticed an unseen horror
  5513 | D        | Bought a book of Enchantments for 600 gold pieces
  5516 | D        | Bought a potion of confusion for 14 gold pieces
  5592 | D        | Noticed an iron golem
  5592 | D        | Noticed an electric golem
  5592 | D        | Noticed a toenail golem
  5592 | D        | Noticed a crystal guardian
  5592 | D        | Noticed an earth elemental
  5592 | D        | Noticed an earth elemental
  5594 | D        | Killed an electric golem
  5594 | D        | Reached XP level 13. HP: 67/67 MP: 38/38
  5595 | D        | Killed an iron golem
  5597 | D        | Killed a crystal guardian
  5599 | D        | Killed a toenail golem
  5600 | D        | Killed an earth elemental
  5601 | D        | Killed an earth elemental
  5669 | D        | HP: 2/63 [poisoned by dark miasma]
  5899 | D        | Learned a level 5 spell: Phase Shift
  5906 | D        | Learned a level 6 spell: Deflect Missiles
  5935 | D        | Learned a level 6 spell: Mass Confusion
  6040 | D        | Noticed a sphinx
  6041 | D        | Noticed a sphinx
  6043 | D        | Killed a sphinx
  6043 | D        | Reached skill level 1 in Charms
  6043 | D        | Reached skill level 5 in Transmutations
  6044 | D        | Killed a sphinx
  6044 | D        | Reached skill level 18 in Dodging
  6044 | D        | Reached skill level 1 in Air Magic
  6547 | D        | Noticed a shining eye
  6547 | D        | Noticed a shining eye
  6547 | D        | Noticed a shining eye
  6547 | D        | Noticed a shining eye
  6547 | D        | Noticed a shining eye
  6547 | D        | Noticed a shining eye
  6547 | D        | Noticed a shining eye
  6547 | D        | Noticed a shining eye
  6547 | D        | Noticed a shining eye
  6548 | D        | Noticed a shining eye
  6550 | D        | Killed a shining eye
  6552 | D        | Killed a shining eye
  6553 | D        | Noticed a shining eye
  6555 | D        | Noticed a shining eye
  6558 | D        | Killed a shining eye
  6558 | D        | Gained mutation: You occasionally shout uncontrollably. [a shining eye]
  6560 | D        | Gained mutation: You are frail (-10% HP). [a shining eye]
  6560 | D        | Gained mutation: You have large cloven feet. [a shining eye]
  6563 | D        | Killed a shining eye
  6563 | D        | Gained mutation: Armour fits poorly on your strangely shaped body. [a shining eye]
  6569 | D        | Gained mutation: You tend to lose your temper in combat. [a shining eye]
  6570 | D        | Killed a shining eye
  6572 | D        | Gained mutation: You are weak. (Str -2) [a shining eye]
  6582 | D        | Killed a shining eye
  6585 | D        | Lost mutation: You are weak. (Str -2) [a shining eye]
  6591 | D        | Gained mutation: You are very frail (-20% HP). [a shining eye]
  6592 | D        | Killed a shining eye
  6597 | D        | Killed a shining eye
  6599 | D        | Gained mutation: You are extremely frail (-30% HP). [a shining eye]
  6601 | D        | Killed a shining eye
  6604 | D        | Killed a shining eye
  6606 | D        | Paralysed by a giant eyeball for 2 turns
  6611 | D        | Gained mutation: You often lose your temper in combat. [a shining eye]
  6617 | D        | Paralysed by a giant eyeball for 4 turns
  6618 | D        | Lost mutation: You occasionally shout uncontrollably. [a shining eye]
  6619 | D        | Gained mutation: Your magical capacity is low (-10% MP). [a shining eye]
  6622 | D        | Killed a shining eye
  6625 | D        | Paralysed by a giant eyeball for 2 turns
  6627 | D        | Gained mutation: You are weak. (Str -2) [a shining eye]
  6633 | D        | Lost mutation: You are weak. (Str -2) [a shining eye]
  6634 | D        | Paralysed by a giant eyeball for 2 turns
  6642 | D        | Killed a shining eye
  6806 | D        | Lost mutation: You are extremely frail (-30% HP). [potion of cure mutation]
  6806 | D        | Lost mutation: Your magical capacity is low (-10% MP). [potion of cure mutation]
  6806 | D        | Lost mutation: You are very frail (-20% HP). [potion of cure mutation]
  6806 | D        | Lost mutation: You have large cloven feet. [potion of cure mutation]
  6807 | D        | Lost mutation: You are frail (-10% HP). [potion of mutation]
  6807 | D        | Gained mutation: You are surrounded by a mild repulsion field (EV +2). [potion of mutation]
  6807 | D        | Gained mutation: Your body is slowly deteriorating. [potion of mutation]
  6808 | D        | Lost mutation: You often lose your temper in combat. [potion of mutation]
  6809 | D        | Gained mutation: You can breathe flames. [potion of mutation]
  6809 | D        | Gained mutation: You are partially covered in icy blue scales (AC +1). [potion of mutation]
  6810 | D        | Lost mutation: Armour fits poorly on your strangely shaped body. [potion of mutation]
  6810 | D        | Gained mutation: Your muscles are strong. (Str +2) [potion of mutation]
  6811 | D        | Gained mutation: You can spit poison. [potion of mutation]
  6812 | D        | Gained mutation: You passively map a small area around you. [potion of mutation]
  6813 | D        | Gained mutation: You evolve. [potion of mutation]
  6814 | D        | Gained mutation: Your system is resistant to poisons. [potion of mutation]
  6817 | D        | Lost mutation: You are partially covered in icy blue scales (AC +1). [potion of mutation]
  6818 | D        | Gained mutation: You have a pair of small horns on your head. [potion of mutation]
  6818 | D        | Gained mutation: You are frail (-10% HP). [potion of mutation]
  6819 | D        | Lost mutation: Your muscles are strong. (Str +2) [potion of mutation]
  6819 | D        | Gained mutation: You heal slowly when monsters are visible. [potion of mutation]
  6819 | D        | Lost mutation: You passively map a small area around you. [potion of mutation]
  6820 | D        | Gained mutation: You are clumsy. (Dex -2) [potion of mutation]
  6820 | D        | Lost mutation: You tend to lose your temper in combat. [potion of mutation]
  6821 | D        | Gained mutation: You are resistant to hostile enchantments. [potion of mutation]
  6821 | D        | Gained mutation: You tend to lose your temper in combat. [potion of mutation]
  6822 | D        | Gained mutation: Armour fits poorly on your strangely shaped body. [potion of mutation]
  6823 | D        | Lost mutation: You are resistant to hostile enchantments. [potion of mutation]
  6824 | D        | Lost mutation: You can spit poison. [potion of mutation]
  6825 | D        | Gained mutation: You are weak. (Str -2) [potion of mutation]
  6825 | D        | Gained mutation: You have a pair of horns on your head. [potion of mutation]
  6826 | D        | Lost mutation: Your body is slowly deteriorating. [potion of mutation]
  6826 | D        | Gained mutation: You are resistant to electric shocks. [potion of mutation]
  6827 | D        | Lost mutation: Armour fits poorly on your strangely shaped body. [potion of mutation]
  6829 | D        | Lost mutation: You have a pair of horns on your head. [potion of mutation]
  6829 | D        | Lost mutation: You are frail (-10% HP). [potion of mutation]
  6830 | D        | Gained mutation: You are partially covered in rugged brown scales (AC +1, +3% HP). [potion of mutation]
  6831 | D        | Lost mutation: You are surrounded by a mild repulsion field (EV +2). [potion of mutation]
  6831 | D        | Gained mutation: You are dopey. (Int -2) [potion of mutation]
  6832 | D        | Lost mutation: You are weak. (Str -2) [potion of mutation]
  6833 | D        | Lost mutation: You evolve. [potion of mutation]
  6834 | D        | Lost mutation: You are dopey. (Int -2) [potion of cure mutation]
  6834 | D        | Lost mutation: You can breathe flames. [potion of cure mutation]
  6834 | D        | Lost mutation: You tend to lose your temper in combat. [potion of cure mutation]
  7192 | D        | Noticed a lava snake
  7192 | D        | Noticed a lava snake
  7194 | D        | Killed a lava snake
  7467 | D        | Noticed a golden dragon
  7499 | D        | Killed a golden dragon
  7499 | D        | Reached skill level 5 in Translocations
  7799 | D        | Found Atadeaw's Weapon Boutique.
  7799 | D        | Found Sowk's Book Shop.
  7799 | D        | Found Soihiomn's Distillery.
  7799 | D        | Found Schaeblai's Weapon Boutique.
  7799 | D        | Noticed a storm dragon
  7802 | D        | Killed a storm dragon
  7818 | D        | Killed a lava snake
  8141 | D        | Bought the amulet "Otiados" {+Rage rC+} for 540 gold pieces
  8188 | D        | Killed an ice statue
  8195 | D        | Noticed an orange crystal statue
  8195 | D        | Gained mutation: You tend to lose your temper in combat. [mutagenic cloud]
  8196 | D        | Gained mutation: Armour fits poorly on your strangely shaped body. [mutagenic cloud]
  8259 | D        | Noticed an orc warlord
  8259 | D        | Noticed a toenail golem
  8260 | D        | Gained mutation: You are weak. (Str -2) [mutagenic cloud]
  8265 | D        | Gained mutation: You do not heal naturally when monsters are visible. [mutagenic cloud]
  8267 | D        | Lost mutation: You are resistant to electric shocks. [mutagenic cloud]
  8269 | D        | Noticed a toenail golem
  8270 | D        | Lost mutation: You are weak. (Str -2) [mutagenic cloud]
  8272 | D        | Gained mutation: You are weak. (Str -2) [mutagenic cloud]
  8275 | D        | Gained mutation: You are frail (-10% HP). [mutagenic cloud]
  8276 | D        | Gained mutation: You occasionally shout uncontrollably. [mutagenic cloud]
  8277 | D        | Gained mutation: Your body is slowly deteriorating. [mutagenic cloud]
  8278 | D        | Gained mutation: You are very frail (-20% HP). [mutagenic cloud]
  8282 | D        | Noticed the 27-headed Lernaean hydra
  8286 | D        | Gained mutation: You are extremely frail (-30% HP). [mutagenic cloud]
  8828 | D        | Gained mutation: Your body is deteriorating. [mutagenic cloud]
  8833 | D        | Gained mutation: Your body is rapidly deteriorating. [mutagenic cloud]
  8837 | D        | Lost strength.
  8837 | D        | Gained mutation: You are very weak. (Str -4) [mutagenic cloud]
  8838 | D        | Lost mutation: You have a pair of small horns on your head. [mutagenic cloud]
  8858 | D        | Gained mutation: Your magical capacity is low (-10% MP). [mutagenic cloud]
  8866 | D        | Lost intelligence.
  8868 | D        | Took a swim in molten lava

Action                   |  1- 3 |  4- 6 |  7- 9 | 10-12 | 13-15 || total
-------------------------+-------+-------+-------+-------+-------++-------
Melee: Dagger            |    19 |    13 |    30 |    48 |       ||   110
       Short sword       |       |       |       |    10 |       ||    10
       Cutlass           |       |       |       |   127 |   144 ||   271
 Cast: Confuse           |       |     5 |     2 |    13 |     2 ||    22
       Ensorcelled Hiber |       |       |    18 |    40 |       ||    58
       Invisibility      |       |       |     3 |    12 |     5 ||    20
       Phase Shift       |       |       |       |       |     1 ||     1
       Dazzling Spray    |       |       |       |       |     1 ||     1
Invok: Shadow Step       |       |       |       |     1 |       ||     1
 Abil: Evoke Flight      |       |       |     2 |    12 |     9 ||    23
       Evoke Invisibilit |       |       |       |     1 |       ||     1
       Turn Visible      |       |       |       |     1 |       ||     1
       Stop Flying       |       |       |       |       |     1 ||     1
       Evoke Berserk Rag |       |       |       |       |     1 ||     1
  Use: Potion            |     1 |     1 |     2 |    13 |    38 ||    55
       Scroll            |       |       |     1 |     9 |     4 ||    14
 Stab: Sleeping          |       |     2 |    11 |    60 |    16 ||    89
       Confused          |       |     2 |     1 |     4 |       ||     7
       Invisible         |       |       |     4 |    10 |       ||    14
